AoeStats
← El Fantasma de Pancho Villa

Arena

509632549Analyzed
4v4 RM · 4d ago on Sep 27, 2026· 25m 10s· 8 players
Game mode
Random Map
Map size
Large (8 player)
Population
200
Speed
Normal
Resources
Standard
Victory
Conquest
Starting age
Dark Age
Ending age
Imperial Age
RankedLock teamsTeams togetherTeam positionsShared explorationLock speedFull tech treeHidden civsTurbo modeCheats
Victory
Defeat
🇹🇷 Persians · Türkiye
1234
+15
🇺🇸 Cumans · United States
1216
+16
🇦🇷 Malay · Argentina
1210
+16
🇪🇨 Spanish · Ecuador
1180
+17
🇨🇳 Spanish · China
1268
-18
🇨🇳 Varangians · China
1263
-18
🇨🇳 Cumans · China
1156
-14
🇺🇸 Cumans · United States
1155
-14
mattmcneil9
0:26 Loom
9:51 Feudal Age
11:11 Wheelbarrow
10:26 Double-Bit Axe
10:45 Horse Collar
20:59 Castle Age
20:10 Scale Barding Armor
20:16 Forging
22:13 Bloodlines
23:08 Capped Ram
23:52 Town Watch
Neitan
11:35 Feudal Age
15:06 Castle Age
13:24 Double-Bit Axe
18:39 Gold Mining
19:04 Bow Saw
18:54 Horse Collar
19:20 Loom
19:20 Town Watch
21:31 Heavy Plow
22:51 Wheelbarrow
24:45 Scale Barding Armor
Santiawhy
1:36 Loom
9:47 Feudal Age
14:53 Castle Age
13:28 Double-Bit Axe
16:27 Wheelbarrow
Irrayskel
4:46 Loom
10:02 Feudal Age
14:31 Castle Age
13:01 Double-Bit Axe
15:23 Bow Saw
15:38 Horse Collar
15:59 Loom
17:01 Gold Mining
19:10 Pikeman
23:06 Scale Mail Armor
23:24 Forging
24:18 Wheelbarrow
25:46 Hand Cart
El Fantasma de Pancho Villa
14:15 Feudal Age
又甘又刻荧定了
11:02 Feudal Age
15:17 Castle Age
13:10 Double-Bit Axe
15:00 Horse Collar
19:19 Loom
20:50 Bow Saw
21:26 Bloodlines
25:30 Wheelbarrow
ABCDE
11:48 Feudal Age
15:37 Castle Age
13:28 Double-Bit Axe
13:24 Horse Collar
XNB
Connection lost

Rejoining the realm…

Still unreachable

The connection could not be restored.

Session expired

The server has moved on; the page needs a fresh start.